[Event "FIDE WSCC 50 2022"]
[Site "Assisi"]
[Date "2022.11.19"]
[Round "5.1"]
[White "Novik, Maxim"]
[Black "Lima, Darcy"]
[Result "1/2-1/2"]
[ECO "D02"]
[WhiteElo "2412"]
[BlackElo "2415"]
[Annotator "TA"]
[PlyCount "43"]
[EventDate "2022.11.14"]
[EventType "swiss"]
[EventCountry "ITA"]
[SourceTitle "playchess.com"]
[Source "ChessBase"]
[SourceQuality "1"]
[TimeControl "40/5400+30:1800+30"]

1. Nf3 d5 2. g3 Nc6 3. d4 Bf5 4. Bg2 Nb4 5. Na3 e6 6. c3 {[%emt 0:00:21] D02: 1 d4 d5 2 Nf3 sidelines, including 2...Nf6 3 g3 and 2...Nf6 3 Bf4.} Nc6 7. Nc2 Be4 8. O-O Be7 9. Nce1 Nf6 {[%emt 0:00:15] The position is equal.} 10. Nd3 h6 {[%emt 0:01:04] [#]} 11. Qb3 $146 ({Predecessor:} 11. b4 O-O 12. Bh3 Bh7 13. a4 a5 14. b5 Nb8 15. Nde5 c5 16. bxc6 Nxc6 17. Qb3 {0-1 (90) Priasmoro,N (2498)-Percivaldi,M (2376) Manavgat 2018}) 11... Rb8 12. Bf4 O-O 13. Rac1 Bd6 {[%emt 0:01:56] [#] White must now prevent ...Bxd3.} 14. Nfe5 Bxg2 15. Kxg2 Bxe5 16. Nxe5 Nxe5 17. Bxe5 Ne4 {[%emt 0:01:20] aiming for ...Nd2.} 18. Rfd1 {[%emt 0:00:00] Prevents Nd2.} Nd6 {[%emt 0:05:02] Against c4} 19. Qc2 Qd7 20. b3 b5 21. Qd3 a5 22. Rc2 {[%emt 0:05:30] A balanced but interesting game.  Weighted Error Value: White=0.06 (flawless) /Black=0.05 (flawless)} 1/2-1/2

[Event "FIDE WSCC 50 2022"]
[Site "Assisi"]
[Date "2022.11.19"]
[Round "5.2"]
[White "Antonio, Rogelio Jr"]
[Black "Prie, Eric"]
[Result "1-0"]
[ECO "B01"]
[WhiteElo "2397"]
[BlackElo "2356"]
[Annotator "TA"]
[PlyCount "94"]
[EventDate "2022.11.14"]
[EventType "swiss"]
[EventCountry "ITA"]
[SourceTitle "playchess.com"]
[Source "ChessBase"]
[SourceQuality "1"]
[TimeControl "40/5400+30:1800+30"]

1. e4 d5 2. exd5 Qxd5 3. Nc3 Qa5 4. d4 Nf6 5. Nf3 Bf5 6. Bd2 c6 {[%emt 0:04:17] 6...e6 gains popularity.} 7. Bc4 {[%emt 0:05:58] 7.Ne4 is not played anymore.} e6 {[%emt 0:08:11] [#]} 8. Ne4 $1 Qc7 {[%emt 0:12:23] B01: Scandinavian Defence.} (8... Qd8 9. Ng3) 9. Ng3 (9. Nxf6+ $1 $14 gxf6 10. Nh4) 9... Bg4 10. h3 Bxf3 {[%emt 0:00:09] White has an edge.} 11. Qxf3 (11. gxf3 c5 $15) 11... Nbd7 12. O-O {[%emt 0:03:29] [#]} O-O-O $146 ({Predecessor:} 12... Bd6 13. c3 O-O 14. Bd3 a5 15. Rfe1 Nd5 16. Re4 Rfe8 17. Rae1 b5 18. b3 a4 {½-½ (45) Lane,G (2440)-Infante Guerrero,M (2157) Turin 2006}) 13. Rfd1 Rg8 14. Bb3 g5 15. c4 g4 16. hxg4 Rxg4 {[%emt 0:00:21] [#]} (16... Nxg4 $11 {remains equal.} 17. c5 (17. Qxf7 Bd6 $15) 17... Bh6) 17. Nh5 $1 $16 Be7 (17... Rxd4 $16 18. Bg5 Rxd1+ 19. Rxd1 Nxh5 20. Bxd8 (20. Qxh5 Qe5 $15) 20... Qxd8) (17... Rg6 18. Nxf6) 18. Bf4 $18 Qb6 19. c5 (19. Nxf6 $1 $18 {is more deadly.} Nxf6 20. Be5) 19... Qa6 (19... Qa5 $16) 20. Nxf6 Nxf6 21. Be5 Rdg8 22. g3 {[%emt 0:00:50] And now Rac1 would win.} (22. Bxf6 Rxg2+ 23. Kh1 Bxf6 $17) 22... R4g6 23. Bc2 $1 Rh6 $2 (23... Qc4) 24. Bd3 Qa5 25. Qf4 $1 Ng4 (25... Rgg6 {is a better defense.} 26. Bxg6 Rxg6) 26. Qxf7 Qd8 27. Bc4 $1 {[%emt 0:00:08] A strong pair of Bishops.} ({Not} 27. Bg7 $2 {[#]} Rxg7 $1 28. Qxg7 Qd5 $1 29. Qxh6 (29. Kf1 {is a self mate.} Qf3 30. Qg8+ Kc7) 29... Nxh6 $19) 27... Rgg6 28. Bg7 Rf6 29. Bxf6 {[%emt 0:00:13] Chess con chili. Active counter play!} Rxf6 30. Bxe6+ Kc7 31. Qg8 Nxf2 32. Qxd8+ Bxd8 33. Rf1 Ne4 34. Rxf6 Bxf6 {[%emt 0:00:09][%mdl 4096] Endgame KRB-KBN} 35. Kg2 {[%emt 0:00:10] Strongly threatening Rf1.} Ng5 36. Bf5 Bxd4 37. Rh1 Bxb2 38. Rh5 Bf6 39. Bxh7 Be7 (39... b6 {was called for.} 40. cxb6+ axb6) 40. Bf5 b5 41. cxb6+ axb6 42. Rh6 b5 43. Rg6 c5 44. Kf2 {[%emt 0:00:00] Hoping for Ke3. White is winning.} Kd8 45. Rc6 Bf8 46. Rc8+ Ke7 47. Rxc5 Ke8 $2 {[%emt 0:03:45] Weighted Error Value: White=0.23 (precise) /Black=0.42} (47... b4 48. Rc6 Bg7) 1-0

[Event "FIDE WSCC 50 2022"]
[Site "Assisi"]
[Date "2022.11.19"]
[Round "5.3"]
[White "Krizsany, Laszlo"]
[Black "Morovic Fernandez, Ivan"]
[Result "1/2-1/2"]
[ECO "D60"]
[WhiteElo "2371"]
[BlackElo "2480"]
[Annotator "TA"]
[PlyCount "103"]
[EventDate "2022.11.14"]
[EventType "swiss"]
[EventCountry "ITA"]
[SourceTitle "playchess.com"]
[Source "ChessBase"]
[SourceQuality "1"]
[TimeControl "40/5400+30:1800+30"]

1. d4 d5 2. c4 e6 3. Nc3 Be7 4. Nf3 Nf6 5. Bg5 O-O 6. e3 Nbd7 7. cxd5 Nxd5 8. Bxe7 Qxe7 9. Nxd5 exd5 10. Rc1 {[%emt 0:00:26] D60: Queen's Gambit Declined: Classical: Unusual White 7th moves.} Nf6 11. Bd3 {[%emt 0:06:12] [#]} Bg4 $146 ({Predecessor:} 11... b6 12. Qc2 Bd7 13. O-O Rac8 14. Ba6 Rce8 15. Qxc7 Bf5 16. Qxe7 Rxe7 17. Ne5 Rfe8 {1-0 (34) Tal,M (2630)-Rothman,M (1635) Boston 1988}) 12. Qc2 Bxf3 13. gxf3 c6 14. O-O g6 15. Qc5 Qe6 16. b4 Nd7 17. Qa5 Rfc8 18. Rc3 a6 19. Rfc1 h5 (19... Qf6 $15 {feels stronger.}) 20. Kg2 $11 Qd6 21. Qa4 Nf8 22. a3 Ne6 23. Qc2 Rc7 24. Rg1 a5 25. Qb1 ({Don't blunder} 25. Bxg6 $2 fxg6 26. b5 Ng7 $19) 25... axb4 26. axb4 Ra4 $1 27. Rb3 (27. b5 {is more complex.} c5 28. b6 Rc6 29. Bxg6 fxg6 30. Qxg6+ Ng7 31. Qxd6 Rxd6 32. Rxc5 Ne6 33. Rc8+) 27... b5 28. f4 f5 29. Kh1 Rg7 30. Qc2 Nd8 31. Qc3 Kf8 32. Ra3 Rga7 33. Rga1 Rxa3 34. Rxa3 Qe7 35. Ra5 Kf7 36. Kg2 Kf6 37. Qa1 Rc7 38. Ra8 Nf7 39. Qa5 Nd6 40. Qb6 Kf7 41. Kf1 Qd7 42. Qb8 {[%emt 0:04:07] [#] Strongly threatening Qh8.} Rc8 {[%emt 0:04:17] Against Qh8} 43. Ra7 $1 Rxb8 44. Rxd7+ {[%emt 0:00:03][%mdl 4096] Endgame KRB-KRN} Ke6 45. Rg7 Kf6 46. Rd7 Ne8 (46... Ke6 $5 47. Rg7 Kf6 $11) 47. Ra7 {[%emt 0:01:05] [#] Ra6 is the strong threat.} Nd6 48. Rd7 Nc8 49. Rd8 (49. Rc7 $5 Ne7 50. Ra7 $11) 49... Ra8 {The position is equal.} 50. Kg2 Ke7 51. Rg8 Kf7 52. Rd8 {[%emt 0:00:30] Weighted Error Value: White=0.06 (flawless) /Black=0.06 (flawless)} 1/2-1/2

[Event "FIDE WSCC 50 2022"]
[Site "Assisi"]
[Date "2022.11.19"]
[Round "5.4"]
[White "Cummings, David H."]
[Black "Holzke, Frank"]
[Result "0-1"]
[ECO "A21"]
[WhiteElo "2318"]
[BlackElo "2476"]
[Annotator "TA"]
[PlyCount "114"]
[EventDate "2022.11.14"]
[EventType "swiss"]
[EventCountry "ITA"]
[SourceTitle "playchess.com"]
[Source "ChessBase"]
[SourceQuality "1"]
[TimeControl "40/5400+30:1800+30"]

1. c4 e5 2. Nc3 Bb4 3. Nd5 Na6 4. Nf3 e4 5. Nd4 Nf6 6. Nxb4 {[%emt 0:01:29] A21: English Opening: 1...e5 2 Nc3.} Nxb4 7. a3 Nc6 8. Nxc6 {[%emt 0:03:01] The position is equal.} dxc6 9. d4 {[%emt 0:02:19] [#]} O-O $146 ({Predecessor:} 9... Be6 10. e3 Qd6 11. Bd2 a5 12. b4 a4 13. Be2 h5 14. h3 Rh6 {½-½ (14) Milanovic,S (2362)-Toth,A (2351) Kragujevac 2019}) 10. Bg5 h6 11. Bxf6 (11. Bf4 $11) 11... Qxf6 $17 12. e3 c5 $1 13. Qd2 Rd8 14. Rd1 cxd4 15. exd4 Bg4 16. Be2 Bxe2 {[%emt 0:00:13] Black is more active.} 17. Kxe2 Rd6 18. Rhe1 Rad8 $36 {[%emt 0:05:51][%cal Rd6d4][%mdl 2048] Black is on the roll.} 19. d5 c6 20. Qc3 Qxc3 (20... cxd5 21. Qxf6 gxf6 22. cxd5 $15) 21. bxc3 cxd5 22. Rxd5 Rxd5 23. cxd5 Rxd5 {[%emt 0:00:09][%mdl 4096] Endgame KR-KR} 24. Rb1 b6 25. Rb4 {[%emt 0:00:32] [#]} f5 26. g4 g6 ({Weaker is} 26... fxg4 27. Rxe4 h5 28. Ra4 $17) 27. gxf5 gxf5 28. f3 exf3+ 29. Kxf3 Kg7 30. Ra4 {[%emt 0:02:55] [#]} a5 31. Kf4 $2 (31. Rf4 {keeps fighting.}) 31... Kf6 $19 32. Rc4 Rc5 {[%emt 0:00:55] Inhibits Rc6+.} 33. Rd4 Ke6 {[%emt 0:00:34] Inhibits Rd6+.} 34. c4 Rc6 35. Ke3 Rd6 (35... a4 $142 {White must now prevent ...Rd6.} 36. Rh4 Ke5) 36. Rh4 Ke5 37. a4 Rf6 {[%emt 0:03:53] ...f4+ is the strong threat.} 38. Kf3 (38. Kd3) 38... f4 {[%emt 0:01:25] Black is clearly winning.} 39. Rh5+ Kd4 40. Rb5 Kxc4 41. h4 Kd4 42. h5 (42. Rb2 $142 Kc3 43. Rb5) 42... Kc4 43. Rb2 Kc5 44. Rb5+ Kc6 45. Re5 Kb7 46. Rd5 Ka6 47. Re5 Rc6 48. Kxf4 Rc4+ 49. Kf5 Rxa4 50. Kg6 Rg4+ 51. Kxh6 a4 52. Re8 Kb5 53. Ra8 Kb4 54. Kh7 a3 55. h6 b5 56. Kh8 Kb3 57. h7 Rh4 {[%emt 0:00:00] Black took control after the opening.  Weighted Error Value: White=0.76/Black=0.06 (flawless)} 0-1

[Event "FIDE WSCC 50 2022"]
[Site "Assisi"]
[Date "2022.11.19"]
[Round "5.5"]
[White "Sturua, Zurab"]
[Black "Dishman, Stephen"]
[Result "1/2-1/2"]
[ECO "B18"]
[WhiteElo "2522"]
[BlackElo "2255"]
[Annotator "TA"]
[PlyCount "56"]
[EventDate "2022.11.14"]
[EventType "swiss"]
[EventCountry "ITA"]
[SourceTitle "playchess.com"]
[Source "ChessBase"]
[SourceQuality "1"]
[TimeControl "40/5400+30:1800+30"]

1. e4 c6 2. d4 d5 3. Nc3 dxe4 4. Nxe4 Bf5 5. Nc5 e5 6. Nxb7 {[%emt 0:00:13] B18: Classical Caro-Kann: 4...Bf5 sidelines.} Qb6 7. Nc5 {[%emt 0:00:10] Threatening Bd3.} Bxc5 8. dxc5 Qxc5 9. c3 Nf6 10. Nf3 O-O 11. Be2 Nbd7 12. O-O h6 {[%emt 0:02:33] [#]} 13. Be3 $146 ({Predecessor:} 13. Qa4 Nd5 14. Qh4 Rfe8 15. Re1 e4 16. Nd4 Bh7 17. Qg3 Kh8 18. Nb3 Qe7 19. Be3 Nxe3 20. Qxe3 {1-0 (42) Istratescu,A (2575)-Ribreau,H (2152) Paleochora 2018}) 13... Qe7 14. Qa4 Nd5 15. Qxc6 Nxe3 16. fxe3 Rfc8 {[%emt 0:01:06] The position is equal.} (16... Rab8 $5 ) 17. Qd5 Rab8 18. Qd2 Nc5 19. Bc4 Rd8 20. Qe2 Bd3 21. Bxd3 Nxd3 22. Rab1 Qc5 23. Ne1 e4 24. Nxd3 Rxd3 25. Rbe1 Qd5 26. Rd1 {[%emt 0:11:15] Inhibits Rd2.} Qxa2 27. Rxd3 exd3 28. Qxd3 Ra8 {[%emt 0:30:40] A balanced but interesting game.  Weighted Error Value: White=0.06 (flawless) /Black=0.02 (flawless)} (28... Qxb2 $11 29. c4 Qb4) 1/2-1/2

[Event "FIDE WSCC 50 2022"]
[Site "Assisi"]
[Date "2022.11.19"]
[Round "5.6"]
[White "Berend, Elvira"]
[Black "Danielsen, Henrik"]
[Result "1-0"]
[ECO "D12"]
[WhiteElo "2280"]
[BlackElo "2514"]
[Annotator "TA"]
[PlyCount "69"]
[EventDate "2022.11.14"]
[EventType "swiss"]
[EventCountry "ITA"]
[SourceTitle "playchess.com"]
[Source "ChessBase"]
[SourceQuality "1"]
[TimeControl "40/5400+30:1800+30"]

1. d4 Nf6 2. Nf3 d5 3. c4 c6 4. e3 Bf5 5. Bd3 Bxd3 6. Qxd3 e6 7. O-O Nbd7 8. b3 {[%emt 0:03:02] D12: Slav Defence: 3 Nf3 Nf6 4 e3 Bf5.} a5 9. Nbd2 Be7 10. e4 {[%emt 0:01:10] The position is equal.} O-O 11. e5 Ne8 {[%emt 0:00:10] [#]} 12. Rd1 $146 ({Predecessor:} 12. cxd5 exd5 13. a4 Nc7 14. Ba3 Bxa3 15. Rxa3 Ne6 16. Rc1 f6 17. Qe3 fxe5 18. dxe5 {½-½ (51) Admiraal,M (2321)-Burg,T (2492) Wijk aan Zee 2013}) 12... a4 13. Rb1 axb3 14. axb3 Nc7 15. Nf1 dxc4 16. bxc4 b5 17. cxb5 cxb5 18. Ng3 Nb6 19. Nd2 (19. h4 $11) 19... b4 $15 20. Nde4 Ncd5 21. Nh5 Kh8 22. Qg3 g6 23. Nhf6 Nxf6 24. exf6 Bxf6 {[%emt 0:00:12] Threatens to win with ...Nd5.} 25. Bh6 $40 {[%emt 0:14:10][%mdl 128] White attacks.} Bg7 26. Bxg7+ Kxg7 27. Rxb4 Ra5 {[%emt 0:07:39] Prevents Qe5+.} 28. h4 Nd5 29. Rb7 Nf6 30. Ng5 Kg8 $2 {[%emt 0:00:22][%mdl 8192] [#]} (30... Qc8 $11 {and Black is okay.} 31. Rdb1 h6) 31. Nxf7 $1 $18 {[%emt 0:01:39][%mdl 512] White has a decisive advantage.} Rxf7 (31... Ne4 32. Nxd8) 32. Rb8 Rf8 33. Rxd8 Rxd8 34. Qc7 Rad5 35. Qe7 {[%emt 0:00:12] Weighted Error Value: White=0.05 (flawless) /Black=0.22 (precise)} 1-0

[Event "FIDE WSCC 50 2022"]
[Site "Assisi"]
[Date "2022.11.19"]
[Round "5.7"]
[White "Nevednichy, Vladislav"]
[Black "Rocha, Sergio"]
[Result "1-0"]
[ECO "C19"]
[WhiteElo "2499"]
[BlackElo "2316"]
[Annotator "TA"]
[PlyCount "83"]
[EventDate "2022.11.14"]
[EventType "swiss"]
[EventCountry "ITA"]
[SourceTitle "playchess.com"]
[Source "ChessBase"]
[SourceQuality "1"]
[TimeControl "40/5400+30:1800+30"]

1. e4 e6 2. d4 d5 3. Nc3 Bb4 4. e5 c5 5. a3 Bxc3+ 6. bxc3 Ne7 7. a4 Qc7 8. Nf3 Bd7 9. Be2 Bc6 (9... O-O $11 {deserves consideration.}) 10. O-O {[%emt 0:02:10] C19: French: 3 Nc3 Bb4: Main line: 7 Nf3 and 7 a4.} Nd7 11. a5 {[%emt 0:07:35] [#]} h6 $146 ({Predecessor:} 11... a6 12. Ng5 h6 13. Nh3 Bb5 14. Ba3 Nc6 15. Bxb5 axb5 16. Qg4 g6 17. Nf4 Ne7 {1-0 (42) Charbonneau,P (2386)-Formanek,E (2300) Penn State 2002}) 12. g3 (12. a6 $14) 12... Nf5 (12... O-O $11) 13. Bd3 $14 {[%emt 0:05:10] Bxf5 is the strong threat.} O-O-O (13... Ne7 $14) 14. a6 b6 15. Bxf5 exf5 16. e6 fxe6 17. Bf4 {[%emt 0:00:17] Against g5} e5 18. Bxe5 (18. dxe5 g5 19. e6 gxf4 $17) 18... Nxe5 19. Nxe5 ({Don't play} 19. dxe5 Qd7 $15) 19... g5 ({Black should try} 19... Be8) 20. Re1 $36 {[%emt 0:00:42][%mdl 2048] Black is under strong pressure.} Rhf8 (20... Be8 $16) 21. Qf3 (21. dxc5 $18 bxc5 22. Qd3) 21... Qd6 (21... Be8 $16 {might work better.}) 22. Re2 (22. Nxc6 $1 $18 Qxc6 23. Re7) 22... Bb5 (22... g4 $14 23. Qd3 Be8) 23. c4 $1 Bc6 (23... g4 $16 24. Qg2 Bc6) 24. dxc5 Qxc5 25. Rae1 {[%emt 0:04:54] aiming for Nxc6.} Ba8 (25... g4 $16 {is a better defense.} 26. Qf4 dxc4) 26. Ng6 $18 Rf6 (26... Rf7 $142 27. Re8 Bc6) 27. Ne7+ Kb8 28. cxd5 Bxd5 29. Nxd5 Qxd5 30. Qxd5 Rxd5 {[%emt 0:00:05][%mdl 4096] Endgame [#] KRR-KRR} 31. Re8+ ({White should play} 31. Re7 $1 $18 Rfd6 32. Rb7+ Kc8 33. Kg2 (33. Rxa7 Rd1 $18)) 31... Kc7 $16 32. Ra8 b5 33. Rxa7+ Kb6 {[%emt 0:00:06] [#]} 34. Ra8 {[%emt 0:00:22] White is more active.} Rd7 {[%emt 0:02:46] Against Re7} (34... Rfd6 $16 {was worth a try.}) 35. Rb8+ (35. c4 $142) 35... Kc6 36. Ra1 {[%emt 0:00:27] Black must now prevent a7.} Ra7 37. Ra5 f4 38. Rbxb5 (38. gxf4 $18 Rxf4 39. Rbxb5 (39. Raxb5 Rxa6 40. Rb3 Kd5 $14)) 38... fxg3 39. hxg3 Rd6 (39... Kc7 $16) 40. c4 {[%emt 0:00:48] Strongly threatening Rf5.} Rd4 $2 (40... Kc7 {was necessary.} 41. Rc5+ Kb6) 41. Rc5+ $18 Kb6 $2 (41... Kd7 $18 42. Rf5 Re4) 42. Rab5+ {[%emt 0:00:04] Weighted Error Value: White=0.37/Black=0.72} 1-0

[Event "FIDE WSCC 50 2022"]
[Site "Assisi"]
[Date "2022.11.19"]
[Round "5.8"]
[White "Bischoff, Klaus"]
[Black "Estremera Panos, Sergio"]
[Result "1/2-1/2"]
[ECO "E49"]
[WhiteElo "2479"]
[BlackElo "2259"]
[Annotator "TA"]
[PlyCount "39"]
[EventDate "2022.11.14"]
[EventType "swiss"]
[EventCountry "ITA"]
[SourceTitle "playchess.com"]
[Source "ChessBase"]
[SourceQuality "1"]
[TimeControl "40/5400+30:1800+30"]

1. d4 Nf6 2. c4 e6 3. Nc3 Bb4 4. e3 O-O 5. Bd3 d5 6. a3 Bxc3+ 7. bxc3 dxc4 8. Bxc4 c5 9. Bb2 {[%emt 0:03:37] E49: Nimzo-Indian: Rubinstein: 5 Bd3 d5 6 a3 Bxc3+ 7 bxc3.} Qc7 {[%emt 0:00:54] Strongly threatening ...cxd4.} 10. Qe2 Nc6 11. Nf3 e5 12. h3 {[%emt 0:01:15] [#] Prevents Bg4.} exd4 $146 ({Predecessor:} 12... h6 13. O-O Bf5 14. Rfd1 Rad8 15. Bb5 e4 16. Nh2 Na5 17. c4 a6 18. Ba4 cxd4 19. Bxd4 Qxc4 20. Qxc4 Nxc4 {½-½ (73) Carlsen,M (2856)-Duda,J (2731) chess24.com INT 2022}) 13. cxd4 Qa5+ 14. Qd2 Qxd2+ 15. Kxd2 Na5 {[%emt 0:02:59] The position is equal.} 16. Ba2 Be6 (16... c4 $5 ) 17. dxc5 {[%emt 0:17:21] Black should prevent Bxf6.} Ne4+ {[%emt 0:04:13] Pair of Knights!} 18. Ke2 Bxa2 19. Rxa2 Rac8 20. Rc1 {[%emt 0:18:34] A balanced but interesting game.  Weighted Error Value: White=0.03 (flawless) /Black=0.04 (flawless)} 1/2-1/2

[Event "FIDE WSCC 50 2022"]
[Site "Assisi"]
[Date "2022.11.19"]
[Round "5.9"]
[White "Pavlovic, Milos"]
[Black "Welling, Gerard"]
[Result "1-0"]
[ECO "D35"]
[WhiteElo "2447"]
[BlackElo "2255"]
[Annotator "TA"]
[PlyCount "111"]
[EventDate "2022.11.14"]
[EventType "swiss"]
[EventCountry "ITA"]
[SourceTitle "playchess.com"]
[Source "ChessBase"]
[SourceQuality "1"]
[TimeControl "40/5400+30:1800+30"]

1. d4 e6 2. c4 Nf6 3. Nc3 d5 4. Bg5 Nbd7 5. e3 c6 6. cxd5 exd5 7. Bd3 Be7 8. Nge2 Nh5 9. Bxe7 Qxe7 10. g4 Nhf6 11. Ng3 Nb6 {[%emt 0:03:02] D35: Queen's Gambit Declined: Exchange Variation.} 12. g5 Ng8 13. h4 Bd7 {[%emt 0:07:04] White has an edge.} 14. Qb3 O-O-O 15. a4 {[%emt 0:08:00][%cal Ba2a4,Ba4a5][%mdl 32] [#]} Kb8 $146 ({Predecessor:} 15... h6 16. a5 Nc4 17. Bxc4 dxc4 18. Qxc4 hxg5 19. hxg5 Rxh1+ 20. Nxh1 Qxg5 21. Ng3 Be6 {0-1 (36) Vajda,A (2336)-Tarhan,A (2202) Miercurea Ciuc 2022}) 16. a5 Nc8 17. Na4 Bg4 18. Kd2 (18. Rg1 $14) 18... Qc7 19. Nc5 {[%emt 0:00:51] Hoping for Na6+.} Ka8 $1 20. Rhc1 Nge7 21. f3 Be6 22. Nh5 g6 23. Nf4 Bf5 24. a6 b6 25. Nb7 Rd7 26. Be2 h6 27. Qa3 hxg5 28. hxg5 Rh4 ({Don't play} 28... Rh2 29. b4 $11) (28... c5 $1 $15) 29. Rh1 Rxf4 (29... Rxh1 $11 30. Rxh1 c5) 30. exf4 $16 {[%emt 0:00:10] Black is now going downhill.} ({Not} 30. Ke1 $2 Rh4 $3 31. Rxh4 Qg3+ 32. Kd2 Qxh4 $19) 30... Qxf4+ $2 (30... c5 $1 $14) 31. Qe3 $18 {[%emt 0:00:05] The board is on fire. Active counter play!} Qxe3+ 32. Kxe3 Kb8 33. Rh8 Kc7 34. Rc1 Nd6 {[%emt 0:07:31] [#]} 35. Nxd6 Kxd6 36. b4 Be6 (36... Nc8 $142 37. Kf4 Rc7 38. Rd8+ Bd7) 37. Bd3 Rc7 38. Rd8+ Bd7 39. Kf4 b5 $2 (39... Rc8 40. Rxc8 Nxc8) 40. Rh1 Rc8 41. Rhh8 Rxd8 42. Rxd8 {[%emt 0:00:28][%mdl 4096] Endgame KRB-KBN} Nc8 43. Bf1 {[%emt 0:00:00] Bh3 is the strong threat.} Ke7 44. Rh8 {[%emt 0:00:00] Threatens to win with Bh3.} Be8 (44... Nb6 $142 45. Bh3 Be8) 45. Bd3 Nb6 46. Rh7 {[%emt 0:00:00] And now Bxg6 would win.} Nd7 {[%emt 0:00:00] [#]} 47. Bxg6 $1 Nf8 48. Bf5 {[%emt 0:00:00] g6 would kill now.} Nxh7 49. Bxh7 {[%emt 0:00:00] KB-KB} f6 50. Bf5 fxg5+ 51. Kxg5 Bf7 52. Bd3 Be6 53. Bf5 {[%emt 0:00:00] Intending Bxe6 and mate.} Bf7 54. f4 (54. Bg4 $142 {White wants to mate with f4.} Be8 55. f4) 54... Be8 (54... c5 $18 55. bxc5 b4) 55. Bg4 Bf7 56. f5 {[%emt 0:00:13] Weighted Error Value: White=0.29 (precise) /Black=0.51} 1-0

[Event "FIDE WSCC 50 2022"]
[Site "Assisi"]
[Date "2022.11.19"]
[Round "5.10"]
[White "Antic, Dejan"]
[Black "Al-Ali, Hussein Ali Hussein"]
[Result "1-0"]
[ECO "E94"]
[WhiteElo "2412"]
[BlackElo "2231"]
[Annotator "TA"]
[PlyCount "123"]
[EventDate "2022.11.14"]
[EventType "swiss"]
[EventCountry "ITA"]
[SourceTitle "playchess.com"]
[Source "ChessBase"]
[SourceQuality "1"]
[TimeControl "40/5400+30:1800+30"]

1. d4 Nf6 2. Nf3 g6 3. c4 Bg7 4. Nc3 d6 5. e4 O-O 6. Be2 Nbd7 7. O-O e5 8. Be3 exd4 9. Nxd4 Re8 10. f3 c6 11. Qd2 d5 12. cxd5 {[%emt 0:02:31] E94: King's Indian: Classical: 6 Be2 e5 7 0-0: Various Black 7th moves.} cxd5 13. Ndb5 (13. exd5 Nb6 $11) (13. Nxd5 Nxd5 14. exd5 Nb6 $11) (13. Rad1 $1 $16) 13... dxe4 (13... Nf8 $1 $11 {and Black is okay.}) 14. fxe4 $18 {[%emt 0:03:27] White is clearly better.} (14. Bxa7 Rxa7 $1 15. Nxa7 Qb6+ 16. Kh1 Qxa7 17. fxe4 Ne5 $17) (14. Nd6 Rf8 $16) 14... a6 15. Nd6 Rf8 16. Rad1 Ne5 {[%emt 0:07:42] [#]} 17. Qe1 $146 (17. Bg5 $1 $18 {[%cal Oc3d5] Strongly threatening Nd5!} Be6 18. Kh1 (18. Nxb7 Qb6+ 19. Qd4 Qxd4+ 20. Rxd4 Nfg4 $14)) ({Predecessor:} 17. Bg5 Be6 18. Kh1 h6 19. Bxh6 Bxh6 20. Qxh6 Nfg4 21. Qf4 Qh4 22. Bxg4 Nxg4 23. h3 {½-½ (45) Matushkina,L (2220)-Marquardt,G (2245) ICCF email 2014}) 17... Qc7 (17... Nfg4 $14 18. Nxc8 Qxc8) 18. Qh4 (18. Qg3 $16 Ne8 19. Nxc8 Qxc8 20. Nd5) 18... Nfg4 19. Bxg4 Nxg4 20. Bf4 {[%emt 0:07:36] Black must now prevent Nd5. Chess con chili.} Qb6+ (20... Bf6 21. Qg3 Qc5+ 22. Kh1 Bxc3 23. bxc3 $16) (20... Be6 $1 $11 {keeps the balance.}) 21. Kh1 $16 {[%emt 0:00:14] Active counter play!} Be6 22. Nd5 $36 {[%emt 0:04:09][%mdl 2048] Black is under strong pressure.} Bxd5 23. exd5 ({Much worse is} 23. Rxd5 $6 Ne3 24. Bxe3 Qxe3 $11) 23... h5 {[%emt 0:02:40] [#]} (23... f5 $16) 24. h3 $1 $18 Nh6 25. Qe7 {[%emt 0:02:23] And now Bxh6 would win.} Rad8 26. Rf3 (26. Nxb7 Nf5 27. Qc7 Qxc7 28. Bxc7 Rd7 $11) 26... Qxb2 $2 (26... Qc5 $16 27. b4 Qxb4) 27. Bxh6 {[%emt 0:00:52][%mdl 64] Remove Defender} Bxh6 28. Nxf7 Qg7 29. Nxh6+ $2 (29. Rdf1) 29... Qxh6 30. Rxf8+ Qxf8 31. Qxb7 {[%emt 0:00:21][%mdl 4096] Endgame KQR-KQR} Qd6 32. Re1 Rf8 33. Qc6 Qg3 (33... Rf6 $16 {is tougher.}) 34. Qe6+ Kg7 35. d6 Qd3 {[%emt 0:01:28] [#]} 36. Qe7+ (36. Re4 $1 $18 {Hoping for Qe5+.} Qf1+ 37. Kh2) 36... Rf7 $11 37. Kh2 h4 (37... Rxe7 $2 38. dxe7 Qd6+ 39. Kh1 $18) (37... Qd2 $1 $11 38. Qe5+ Rf6) 38. Re3 Qd2 39. Qe5+ Rf6 40. Qe7+ ({White should try} 40. d7 $16 {Qe7+ would kill now.} Qxd7 41. Re4) 40... Rf7 41. Qe5+ (41. Qe6 $11 Rf6 42. Qe7+ Rf7) 41... Rf6 $1 $16 42. Re4 {[%emt 0:00:00] Black is now going downhill.} Qxd6 43. Qxd6 Rxd6 44. Rxh4 {[%emt 0:00:00] KR-KR} Kf6 $2 (44... Rd5 $16 {was necessary.}) 45. Ra4 $18 Kg5 46. Kg3 (46. Ra5+ $18 Kf4 47. Ra4+ Kg5 48. h4+ Kf5 49. g4+ Ke5 50. Kg3) 46... Rf6 $2 (46... Rd3+ $16 47. Kh2 Rd6 48. h4+ Kh5) 47. Ra5+ Kh6 48. Kh4 {[%emt 0:00:00] Prevents g5+.} Rc6 49. g4 (49. g3 $142 Rb6 50. g4) 49... Rd6 50. g5+ Kg7 51. Ra4 {[%emt 0:00:00] Inhibits Rd4+.} Kf7 $2 (51... Rd1 {might work better.} 52. Rxa6 Kf7 53. Rf6+ Kg7) 52. Kg4 Rc6 53. h4 Kg7 $2 (53... Kg8 54. h5 a5) 54. h5 gxh5+ (54... Rc1 {was called for.} 55. h6+ (55. Rxa6 Rc4+ 56. Kh3 Rc3+ 57. Kg4 Rc4+ 58. Kf3 gxh5 $11) 55... Kh7 56. Rxa6 Rg1+ 57. Kf4 Rf1+ 58. Ke4 Re1+ 59. Kf3 Rf1+ 60. Ke4 Re1+ 61. Kd4 Rd1+ 62. Ke5 Rf1) 55. Kxh5 Rd6 56. Rc4 Kh7 $2 (56... Rd7 $18 57. a4 a5) 57. Rc7+ Kg8 58. Ra7 Rc6 59. a4 Rd6 60. a5 Rc6 61. Rb7 Rc5 62. Kh6 {[%emt 0:00:00] Weighted Error Value: White=0.43/Black=0.59} 1-0